Map: Cyber Forest LE

Players

Hubble - Winner!

  • Race: Protoss Protoss
  • League: Platinum
  • Spawn Location: 11:00

A.I. 1 (Medium)

  • Race: Zerg Zerg
  • Spawn Location: 5:00

VOD

Have the link to the VOD?

Description

Time

  • Played on: April 9, 2019, 2:52 p.m.
  • Length: 6:37
Show
View Real Time Build Order
Export as new Build Order

Hubble Protoss - Winner!

Build Orders: 1 Gate Expand, Dark Templar Rush 

Get SALT Encoding   

  12  0:00  Probe  
  13  0:13  Probe  
  14  0:19  Pylon  
  14  0:25  Probe  
  15  0:31  Assimilator  
  15  0:33  Probe  
  16  0:44  Probe  
  16  0:45  Gateway  
  17  0:54  Probe  
  18  1:02  Probe  
  18  1:11  Probe  
  20  1:33  Nexus  
  20  1:44  Cybernetics Core  
  20  1:47  Probe  
  20  1:53  Assimilator  
  21  1:59  Probe  
  22  2:03  Pylon  
  22  2:11  Probe  
  22  2:12  Adept  
  23  2:21  Warp Gate  
  25  2:23  Probe  
  26  2:32  Twilight Council  
  26  2:36  Probe  
  27  2:43  Stalker  
  29  2:46  Probe  
  29  2:51  Probe  
  31  2:59  Robotics Facility  
  31  3:02  Probe  
  32  3:07  Probe  
  33  3:13  Dark Shrine  
  33  3:16  Probe  
  34  3:21  Probe  
  34  3:24  Probe  
  35  3:32  Probe  
  35  3:33  Probe  
  37  3:36  Warp Prism  
  37  3:39  Gateway  
  40  3:51  Gateway  
  40  3:56  Gateway  
  40  3:59  Probe  
  40  4:00  Probe  
  42  4:04  Assimilator  
  42  4:06  Assimilator  
  42  4:11  Pylon  
  42  4:18  Pylon, Probe  
  42  4:19  Probe  
  44  4:26  Probe  
  44  4:31  Probe  
  46  4:34  Probe  
  46  4:43  Probe  
  46  4:44  Dark Templar  
  50  4:46  Dark Templar x2  
  50  4:50  Dark Templar  
  53  5:05  Immortal  
  53  5:08  Probe x2  
  53  5:11  Stalker  
  61  5:15  Pylon  
  61  5:17  Pylon  
  61  5:20  Probe  
  62  5:33  Probe  
  63  5:39  Zealot x3  
  63  5:40  Zealot  
  63  5:47  Probe x2  
  63  5:57  Forge  
  63  5:58  Nexus  
  63  6:00  Pylon  
  63  6:13  Dark Templar x3  
Show
View Real Time Build Order
Export as new Build Order

A.I. 1 (Medium) Zerg 

Build Orders: 1 Base Baneling Bust, Pool First 

Get SALT Encoding   

  12  0:01  Drone  
  13  0:12  Overlord  
  13  0:17  Drone  
  14  0:30  Drone  
  14  0:33  Drone  
  16  0:42  Spawning Pool  
  15  0:45  Drone  
  15  0:49  Drone  
  17  0:52  Extractor  
  17  0:55  Drone  
  17  1:05  Overlord  
  17  1:30  Queen  
  17  1:31  Zergling x2  
  20  1:38  Drone, Roach Warren  
  20  1:39  Extractor, Zergling x2  
  20  1:49  Drone  
  21  1:59  Drone  
  22  2:10  Overlord  
  22  2:21  Roach  
  24  2:28  Baneling Nest  
  23  2:31  Drone  
  24  2:37  Drone, Roach  
  24  2:39  Evolution Chamber  
  24  2:41  Drone  
  27  2:46  Ravager  
  27  2:49  Roach  
  30  2:54  Drone  
  31  3:00  Ravager  
  31  3:04  Overlord  
  32  3:09  Roach  
  34  3:13  Drone  
  34  3:16  Drone  
  36  3:20  Drone  
  37  3:27  Drone  
  38  4:50  Drone, Overlord, Roach  
  38  4:52  Spore Crawler  
  40  4:53  Drone, Spore Crawler  
  40  4:56  Drone  
  40  4:59  Drone  
  42  5:08  Overlord, Roach  
  44  5:18  Roach  
  46  5:26  Hatchery  
  46  5:28  Spine Crawler  
  40  5:29  Spine Crawler  
Tags
 
Add a new tag
Caveats
  • Supply blocks, unpowered buildings, or Contaminate may cause inaccurate times.
  • Supply counts are checked every 10 seconds.